 Dungeon Crawl Stone Soup version 0.30-a0-808-g6e0788376e (webtiles) character file.

Game seed: 4720012772891635402

1794 Mickster the Cudgeller (level 8, 0/66 HPs)
             Began as a Demigod Fighter on Feb 25, 2023.
             Slain by a vampire (5 damage)
             ... on level 7 of the Dungeon on Feb 26, 2023.
             The game lasted 00:52:54 (3979 turns).

Mickster the Cudgeller (Demigod Fighter)            Turns: 3979, Time: 00:52:55

Health: 0/66       AC: 16    Str: 27    XL:     8   Next: 53%
Magic:  10/10      EV:  7    Int: 10    God:
Gold:   122        SH:  0    Dex: 17    Spells: 7/7 levels left

rFire   . . .      SeeInvis .    m - +7 mace (distort)
rCold   . . .      Faith    .    c - +0 buckler
rNeg    . . .      Spirit   .    j - +0 plate armour
rPois   .          Reflect  +    l - +1 helmet
rElec   .          Harm     .    z - scarf {shadows}
rCorr   .          Rampage  .    e - +1 pair of gloves
Will    +....                    (no boots) Stlth
                                 o - amulet of reflection
HPRegen 0.31/turn                x - ring of willpower
MPRegen 0.12/turn                i - +6 ring of strength

@: confused
A: high MP 1, forlorn, divine attributes
a: no special abilities


You were on level 7 of the Dungeon.
You visited 1 branch of the dungeon, and saw 7 of its levels.

You collected 356 gold pieces.
You spent 234 gold pieces at shops.

Inventory:

Hand Weapons
 a - a +0 war axe
 f - a +0 shortbow
 m - a +7 mace of distortion (weapon)
 n - a +0 hammer of draining
 r - a +0 sling
 y - a +0 flail
Missiles
 g - 13 stones (quivered)
Armour
 c - a +0 buckler (worn)
 e - a +1 pair of gloves (worn)
 j - a +0 plate armour (worn)
 l - a +1 helmet (worn)
 z - a scarf of shadows (worn)
Magical Staves
 B - a staff of death
Jewellery
 b - a ring of protection from cold
 h - an amulet of magic regeneration
 i - a +6 ring of strength (right hand)
 o - an amulet of reflection (around neck)
 x - a ring of willpower (left hand)
Wands
 p - a wand of quicksilver (8)
 s - a wand of roots (13)
 u - a wand of charming (17)
Scrolls
 q - 7 scrolls of identify
 t - a scroll of poison
Potions
 d - 2 potions of might
 k - 6 potions of curing
 w - a potion of haste
 A - a potion of heal wounds


   Skills:
 + Level 4.1 Fighting
 - Level 4.0(6.2) Axes
 * Level 7.4(7.9) Maces & Flails
 + Level 0.6 Throwing
 + Level 4.8 Armour
 + Level 0.9 Dodging
 + Level 4.1 Shields


You had 7 spell levels left.
You didn't know any spells.
Your spell library contained the following spells:

 Spells                   Type           Power      Damage    Failure   Level
 Apportation              Tloc           0%         N/A       99%         1
 Beastly Appendage        Tmut           0%         N/A       99%         1
 Necrotise                Necr           0%         1d4       99%         1
 Summon Small Mammal      Summ           0%         N/A       99%         1
 Wereblood                Tmut           0%         N/A       100%        2
 Frozen Ramparts          Ice            0%         1d1       100%        3
 Spider Form              Tmut/Pois      0%         N/A       100%        3
 Ice Form                 Ice/Tmut       0%         N/A       100%        4
 Summon Ice Beast         Ice/Summ       0%         N/A       100%        4


Dungeon Overview and Level Annotations

Branches:
Dungeon (7/15)             Temple (0/1) D:7

Shops:
D:5 ?   D:6 ([:!

Annotations:
D:3 1 runed translucent door, Crazy Yiuf


Innate Abilities, Weirdness & Mutations

You have an increased reservoir of magic. (+10% MP)
You shall have no god before yourself.
Your divine heritage dramatically boosts your attributes as you level up.


Message History

The deep elf pyromancer blinks!
The howler monkey closely misses you. The vampire hits you.
The vampire bites you but does no damage.
The howler monkey hits you but does no damage.
You sock the deep elf pyromancer!
The deep elf pyromancer is almost dead.
The deep elf pyromancer blinks!
The vampire hits you but does no damage.
You block the vampire's attack. You block the howler monkey's attack.
The troll bites you. The troll closely misses you.
The troll claws you but does no damage.
You hit the howler monkey.
Space warps around the howler monkey.
The howler monkey is heavily wounded.
You block the vampire's attack.
The vampire bites you but does no damage.
The howler monkey barely misses you. The troll bites you but does no damage.
The troll claws you but does no damage. You block the troll's attack.
You closely miss the howler monkey.
The howler monkey is heavily wounded.
The howler monkey hoots and howls with incredible vigour!
The vampire gestures at you while chanting.
You are confused.
The troll bites you!
* * * LOW HITPOINT WARNING * * *
The troll claws you but does no damage. The troll claws you.
* * * LOW HITPOINT WARNING * * *
The howler monkey hits you.
* * * LOW HITPOINT WARNING * * *
The vampire completely misses you. The vampire bites you.
* * * LOW HITPOINT WARNING * * *
The vampire draws strength from your injuries!
You miss the deep elf pyromancer.
The deep elf pyromancer is almost dead.
The deep elf pyromancer casts a spell.
The troll bites you but does no damage. The troll claws you but does no damage.
The troll claws you.
* * * LOW HITPOINT WARNING * * *
The howler monkey barely misses you. The vampire barely misses you.
The vampire bites you.
You die...

####.###################.#
...... #..# ♣♣.♣♣ ######
....# #♣. #♣...♣ ###..#
#.~~ #.#†#.#... ...# ♣.~
#.#.#.#.. ###.# ♣♣.♣
#.#.#.#.# #♣.#.♣#.#.#.#.#
♣#[~~~V#.#.#...#
...~~T@e.#.#...#
♣#$~~~h#.#)#...##
#♣.#E♣#.#.#.#..## ♣♣.♣
#.#)#.#...###### ♣.~
#.#.#.#.#....... #.~~
#.#'#.#.##.##### #♣.
#♣...♣#.##.# ♣♣.♣♣#.##..
### #.#####


You could see a deep elf pyromancer, a troll, a fire elemental (summoned), a
vampire and a howler monkey.

Vanquished Creatures
  A wyvern (D:7)
  Menkaure (D:4)
  A water moccasin (D:5)
  An ice beast (D:6)
  A black bear (D:5)
  2 ogres (D:5)
  A phantom (D:4)
  A bullfrog (D:7)
  A kobold brigand (D:7)
  2 scorpions
  2 necrophages
  A jelly (D:4)
  2 hounds
  A gnoll bouda (D:4)
  Terence (D:3)
  Jessica (D:3)
  2 iguanas
  Ijyb (D:3)
  An orc wizard (D:7)
  Robin (D:3)
  7 adders
  11 gnolls
  2 shadow imps (D:6)
  A white imp (D:5)
  4 worms
  2 dart slugs (D:1)
  8 orcs
  8 ball pythons
  3 endoplasms
  3 giant cockroaches (D:1)
  12 goblins
  6 hobgoblins
  15 kobolds
  2 quokkas (D:2)
  3 bats
  A frilled lizard (D:1)
  6 rats
119 creatures vanquished.

Notes
Turn   | Place    | Note
-------+----------+-------------------------------------------
     0 | D:1      | Mickster the Demigod Fighter began the quest for the Orb.
     0 | D:1      | Reached XP level 1. HP: 18/18 MP: 3/3
   259 | D:1      | Reached XP level 2. HP: 25/25 MP: 4/4
   604 | D:2      | Reached XP level 3. HP: 19/30 MP: 5/5
  1228 | D:3      | Noticed Robin
  1238 | D:3      | Killed Robin
  1239 | D:3      | Reached XP level 4. HP: 26/38 MP: 6/6
  1400 | D:3      | Noticed Jessica
  1406 | D:3      | Killed Jessica
  1456 | D:3      | Noticed Terence
  1475 | D:3      | Killed Terence
  1711 | D:3      | Noticed Ijyb
  1720 | D:3      | Killed Ijyb
  1721 | D:3      | Reached XP level 5. HP: 39/45 MP: 7/7
  1777 | D:3      | Found a runed translucent door.
  1778 | D:3      | Noticed Crazy Yiuf
  1949 | D:4      | Reached skill level 1 in Maces & Flails
  2148 | D:4      | Reached skill level 2 in Maces & Flails
  2148 | D:4      | Reached XP level 6. HP: 31/51 MP: 8/8
  2286 | D:4      | Reached skill level 3 in Maces & Flails
  2298 | D:4      | Noticed Menkaure
  2309 | D:4      | Killed Menkaure
  2310 | D:4      | Reached skill level 4 in Maces & Flails
  2310 | D:4      | Reached XP level 7. HP: 18/57 MP: 9/9
  2391 | D:5      | Entered Level 5 of the Dungeon
  2391 | D:5      | Found Luco's Magic Scroll Shoppe.
  2427 | D:5      | Bought a scroll of identify for 20 gold pieces
  2427 | D:5      | Bought a scroll of identify for 20 gold pieces
  2427 | D:5      | Bought a scroll of identify for 20 gold pieces
  2427 | D:5      | Bought a scroll of identify for 20 gold pieces
  2452 | D:5      | Reached skill level 5 in Maces & Flails
  3047 | D:6      | Reached XP level 8. HP: 66/66 MP: 10/10
  3168 | D:6      | Found Ponk's Weapon Shop.
  3177 | D:6      | Reached skill level 6 in Maces & Flails
  3393 | D:6      | Found Kaelimeph's Distillery.
  3405 | D:6      | Bought a potion of heal wounds for 55 gold pieces
  3405 | D:6      | Bought a potion of curing for 33 gold pieces
  3405 | D:6      | Bought a potion of curing for 33 gold pieces
  3405 | D:6      | Bought a potion of curing for 33 gold pieces
  3411 | D:6      | Found Wuanewk's Book Emporium.
  3529 | D:6      | Found Jialanoch's Antique Armour Boutique.
  3799 | D:7      | Reached skill level 7 in Maces & Flails
  3863 | D:7      | Found a staircase to the Ecumenical Temple.
  3964 | D:7      | Noticed a deep elf pyromancer
  3966 | D:7      | Noticed a troll
  3979 | D:7      | Slain by a vampire

Illustrated notes

Levels and vault maps discovered:
D:1:      scummos_arrival_forest, layout_loops_ring
D:2:      layout_basic
D:3:      layout_rooms, ebering_ecumenical_altar_box, uniq_robin, uniq_terence,
          uniq_crazy_yiuf_cottage, uniq_ijyb, uniq_jessica
D:4:      layout_rooms, riverfiend_overflow_shadow_ancestor,
          grunt_ministairs_11, uniq_menkaure
D:5:      layout_cave_pools, mainiacjoe_overflow_concentric_impassable,
          mainiacjoe_overflow_alcove_2, serial_shops, shop_fountains
D:6:      layout_loops_ring, kennysheep_little_box, fedhas_altar_2,
          serial_shops, nicolae_shop_advertising_works
          [nicolae_subvault_shop_adworks], kennysheep_mini_moat, shop,
          nicolae_take_the_stairs, shop
D:7:      nzn_winding_woodlands_small [nzn_winding_woodlands_5x15_default,
          nzn_winding_woodlands_center_triple_pond,
          nzn_winding_woodlands_5x15_longhouse], layout_loops_ring,
          vehumet_crystals, minmay_temple_entry_mist, gammafunk_ghost_icy

Skill      XL: |  1  2  3  4  5  6  7  8 |
---------------+-------------------------+-----
Shields        | 3 4 |  4.1
Axes           | 2 3 4 |  4.0
Armour         | 3 4 |  4.8
Fighting       | 3 4 |  4.1
Maces & Flails | 2 4 5 7 |  7.4
Throwing       | |  0.6
Dodging        | |  0.9

Action                     |  1- 3 |  4- 6 |  7- 9 || total
---------------------------+-------+-------+-------++-------
  Melee: War axe           |   126 |    19 |       ||   145
         Mace              |       |    63 |   108 ||   171
  Throw: Stone             |     3 |     4 |     4 ||    11
    Use: Potion            |     4 |     1 |     4 ||     9
         Scroll            |     3 |     1 |     2 ||     6
 Armour: Scale mail        |    53 |       |       ||    53
         Plate armour      |    45 |    48 |    54 ||   147
  Dodge: Dodged            |    42 |    23 |    35 ||   100
  Block: Buckler           |    29 |    44 |    62 ||   135
         Reflection        |       |       |     2 ||     2

Table legend: (Time is in decaauts)
 A = Elapsed time spent in this place.
 B = Non-inter-level travel time spent in this place.
 C = Inter-level travel time spent in this place.
 D = Time resting spent in this place.
 E = Time spent auto-exploring this place.
 F = Levels seen in this place.
 G = Mean time per level.
                   A        B        C        D        E       F      G
               +--------+--------+--------+--------+--------+-----+--------+
         Total |   4071 |   3947 |    124 |    734 |      0 |   7 |  581.6 |
       Dungeon |   4071 |   3947 |    124 |    734 |      0 |   7 |  581.6 |
               +--------+--------+--------+--------+--------+-----+--------+

Top non-repeatable levels by time:
     D:3: 814 daAuts
     D:6: 765 daAuts
     D:2: 633 daAuts
     D:5: 600 daAuts
     D:4: 515 daAuts
     D:1: 499 daAuts
     D:7: 243 daAuts
